 Dungeon Crawl Stone Soup version 0.20.1-4-g4af34eaf8e (webtiles) character file.

485 Alfie the Shooter (level 6, -1/78 HPs)
             Began as a Minotaur Hunter on Feb 24, 2020.
             Slain by a slave (4 damage)
             ... led by Pikel
             ... on level 4 of the Dungeon.
             The game lasted 00:09:52 (2658 turns).

Alfie the Shooter (Minotaur Hunter)                 Turns: 2658, Time: 00:09:53

Health: -1/78      AC:  3    Str: 23    XL:     6   Next: 88%
Magic:  5/5        EV: 12    Int:  8    God:
Gold:   156        SH:  0    Dex: 11    Spells: 5/5 levels left

rFire    . . .     SeeInvis .   b - +0 short sword
rCold    . . .     Gourm    .   (no shield)
rNeg     . . .     Faith    .   c - +0 leather armour
rPois    .         Spirit   .   (helmet restricted)
rElec    .         Reflect  .   (no cloak)
rCorr    .         Harm     .   (no gloves)
MR       .....                  (no boots)
Stlth    ..........             (no amulet)
Regen    0.3/turn               (no ring)
MPRegen  0.1/turn               (no ring)

@: berserking, very quick
A: retaliatory headbutt, horns 2
a: no special abilities


You were on level 4 of the Dungeon.
You were not hungry.

You visited 1 branch of the dungeon, and saw 4 of its levels.

You collected 156 gold pieces.

Inventory:

Hand Weapons
 a - a +1 shortbow
 b - a +0 short sword (weapon)
Missiles
 d - 44 arrows
 t - 5 tomahawks (quivered)
Armour
 c - a +0 leather armour (worn)
Scrolls
 l - a scroll of teleportation
 o - a scroll of remove curse
 q - 3 scrolls of magic mapping
Potions
 e - 2 potions of lignification
 h - a potion of berserk rage
 k - 3 potions of haste
 m - a potion of ambrosia {unknown}
 p - a potion of mutation {unknown}
Comestibles
 f - 2 bread rations
 n - 4 meat rations
 r - 6 fruits


   Skills:
 + Level 4.0 Fighting
 + Level 1.2 Short Blades
 + Level 7.8 Bows
 + Level 0.2 Throwing
 + Level 1.7 Armour
 + Level 2.9 Dodging
 + Level 1.2 Stealth


You had 5 spell levels left.
You didn't know any spells.

Dungeon Overview and Level Annotations

Branches:
Dungeon (4/15)
 Temple: D:4-7

Altars:
Elyvilon

Annotations:
D:4 Pikel


Innate Abilities, Weirdness & Mutations

You reflexively headbutt those who attack you in melee.
You have a pair of horns on your head.


Message History

You hit Pikel. You headbutt Pikel!
Pikel is heavily wounded.
The slave hits you. x2; Pikel hits you with a whip of flaming.
Pikel burns you.
You barely miss Pikel.
Pikel is heavily wounded.
The slave hits you! The slave barely misses you.
Pikel hits you with a whip of flaming.
* * * LOW HITPOINT WARNING * * *
Pikel burns you.
* * * LOW HITPOINT WARNING * * *
The slave barely misses you.
It was a potion of berserk rage.
A red film seems to cover your vision as you go berserk!
You feel yourself moving faster!
You feel mighty! The slave hits you!
* * * LOW HITPOINT WARNING * * *
Pikel hits you but does no damage. The slave hits you but does no damage.
You puncture Pikel!
Pikel is severely wounded.
The slave hits you.
You die...

####'######.....##...##
#........#########...##
########.....................#
##......##....................#
#..........>........>.........'
#.............................#
#.............................#
#..####†##......####+##########
####....######@##
#.....#.<..ppKp.....
#.....#.....rp(....$
#.....#.............
#.....#...........(.
#.....#............(
#.....#.............
####..##...##.####.. ####


You could see Pikel, 4 slaves and a quokka.

Vanquished Creatures
  Sigmund (D:4)
  3 orc priests
  An orc wizard (D:3)
  Jessica (D:2)
  8 adders
  An ooze (D:1)
  3 worms (D:2)
  4 dart slugs
  A leopard gecko (D:2)
  8 orcs
  3 giant cockroaches
  6 goblins
  8 hobgoblins
  5 jackals (D:4)
  7 kobolds
  4 quokkas
  2 ball pythons
  9 bats
  7 frilled lizards
  7 rats
89 creatures vanquished.

Notes
Turn   | Place    | Note
-------+----------+-------------------------------------------
     0 | D:1      | Alfie the Minotaur Hunter began the quest for the Orb.
     0 | D:1      | Reached XP level 1. HP: 18/18 MP: 0/0
    93 | D:1      | Reached XP level 2. HP: 23/25 MP: 1/1
   148 | D:1      | Reached skill level 5 in Bows
   547 | D:1      | Reached XP level 3. HP: 30/30 MP: 2/2
  1024 | D:2      | Noticed Jessica
  1029 | D:2      | Killed Jessica
  1029 | D:2      | Reached XP level 4. HP: 19/37 MP: 3/3
  1202 | D:2      | Reached skill level 6 in Bows
  1709 | D:3      | Reached XP level 5. HP: 45/45 MP: 4/4
  1767 | D:3      | Reached skill level 1 in Stealth
  1915 | D:3      | Found a faded altar of an unknown god.
  2033 | D:3      | Found a white marble altar of Elyvilon.
  2103 | D:3      | Reached skill level 7 in Bows
  2103 | D:3      | Reached skill level 1 in Armour
  2288 | D:4      | Reached XP level 6. HP: 25/51 MP: 5/5
  2430 | D:4      | Noticed Sigmund
  2451 | D:4      | Killed Sigmund
  2451 | D:4      | Reached skill level 1 in Short Blades
  2642 | D:4      | Noticed a slave
  2642 | D:4      | Noticed a slave
  2644 | D:4      | Noticed Pikel
  2644 | D:4      | Noticed a slave
  2649 | D:4      | Noticed a slave
  2657 | D:4      | HP: 3/78 [slave[Pikel] (9)]
  2658 | D:4      | Slain by a slave

Skill      XL: |  1  2  3  4  5  6 |
---------------+-------------------+-----
Bows           | 5 6 7 |  7.8
Fighting       | 3 4 |  4.0
Stealth        | 1 |  1.2
Armour         | 1 |  1.7
Short Blades   | 1 |  1.2
Throwing       | |  0.2
Dodging        | |  2.9

Action                   |  1- 3 |  4- 6 || total
-------------------------+-------+-------++-------
Melee: Short sword       |    10 |    12 ||    22
       Headbutt          |     1 |     5 ||     6
 Fire: Shortbow          |    68 |   167 ||   235
Throw: Tomahawk          |       |     2 ||     2
  Use: Scroll            |     4 |     5 ||     9
       Potion            |       |     3 ||     3
  Eat: Bread ration      |       |     1 ||     1
       Royal jelly       |       |     1 ||     1
Armor: Leather armour    |    10 |    14 ||    24
Dodge: Dodged            |    28 |    37 ||    65
